[Event "British KO-ch Pre 2019"]
[Site "London"]
[Date "2019.11.30"]
[Round "6.3"]
[White "Wadsworth, Matthew J"]
[Black "Horton, Andrew P"]
[Result "0-1"]
[ECO "A37"]
[WhiteElo "2401"]
[BlackElo "2378"]
[Annotator "NA"]
[PlyCount "150"]
[EventDate "2019.11.30"]
[EventType "k.o."]
[EventCountry "ENG"]
[SourceTitle "playchess.com"]
[Source "ChessBase"]
[SourceQuality "1"]
[TimeControl "600+5"]

1. Nf3 c5 2. g3 g6 3. Bg2 Bg7 4. c4 Nc6 5. Nc3 d6 6. O-O Bf5 7. a3 Qd7 8. d3 Bh3 9. Ng5 Bxg2 10. Kxg2 h6 11. Nf3 Nf6 12. Rb1 O-O 13. b4 b6 14. Bd2 Rac8 15. b5 Nd4 16. e3 Nxf3 17. Qxf3 h5 18. h3 Ne8 19. a4 e6 20. a5 Rd8 21. axb6 axb6 22. Qc6 d5 23. cxd5 Bxc3 24. Bxc3 Qxd5+ 25. Kh2 Rd6 26. Qxd5 Rxd5 27. d4 Nd6 28. dxc5 Ne4 29. Bb4 bxc5 30. Ba5 c4 31. f3 Nd2 32. Bxd2 Rxd2+ 33. Kg1 c3 34. Rb3 Rd3 35. Rc1 Rb8 36. Kf2 Rd2+ 37. Ke1 Rb2 38. Rcxc3 Rxb5 39. Rxb5 Rxb5 40. Rc2 Rb1+ 41. Kf2 Kg7 42. e4 g5 43. f4 Rb4 44. Kf3 Rb3+ 45. Kf2 h4 46. gxh4 gxf4 47. Kg2 Rg3+ 48. Kh2 Re3 49. Rc4 Re2+ 50. Kg1 Kf6 51. h5 Kg5 52. Rc5+ Kh6 53. Kf1 Rxe4 54. Kf2 Re3 55. Rc7 Kxh5 56. Rxf7 e5 57. Rh7+ Kg6 58. Rh8 Kf5 59. h4 Rh3 60. Kg2 Rg3+ 61. Kf2 e4 62. h5 Rh3 63. h6 Kg6 64. Rg8+ Kh7 65. Rf8 Rf3+ 66. Kg2 Kxh6 67. Re8 Rg3+ 68. Kh2 e3 69. Rh8+ Kg5 70. Rg8+ Kh4 71. Rh8+ Kg4 72. Rg8+ Kf3 73. Re8 Rg7 74. Re6 Kf2 75. Kh3 e2 0-1

[Event "British KO-ch Pre 2019"]
[Site "London"]
[Date "2019.11.30"]
[Round "6.4"]
[White "Merry, Alan B"]
[Black "Haria, Ravi"]
[Result "1-0"]
[ECO "D31"]
[WhiteElo "2426"]
[BlackElo "2451"]
[Annotator "RC"]
[PlyCount "75"]
[EventDate "2019.11.30"]
[EventType "k.o."]
[EventCountry "ENG"]
[SourceTitle "playchess.com"]
[Source "ChessBase"]
[SourceQuality "1"]
[TimeControl "600+5"]

1. c4 e6 2. Nc3 d5 3. d4 a6 4. cxd5 exd5 5. Bf4 Nf6 6. e3 Bd6 7. Bxd6 Qxd6 8. Bd3 O-O 9. Nge2 c5 10. dxc5 Qxc5 11. O-O Nc6 12. Rc1 Qd6 13. Qa4 d4 14. Nxd4 Ng4 15. g3 Qh6 16. h4 Nxe3 17. Nxc6 Nxf1 18. Ne7+ Kh8 19. Rxf1 Bh3 20. Rd1 Rae8 21. Ned5 Re5 22. Qd4 f6 23. Nf4 Bg4 24. Ng6+ hxg6 25. Qxg4 g5 26. hxg5 Rxg5 27. Qf3 f5 28. Ne2 Rg4 29. Kg2 Kg8 30. Qd5+ Rf7 31. Bc4 Rxc4 32. Qxc4 Qf6 33. Nf4 g6 34. Re1 Kg7 35. Re6 Qxb2 36. Rxg6+ Kf8 37. Qc8+ Ke7 38. Re6# 1-0

[Event "British KO-ch Pre 2019"]
[Site "London"]
[Date "2019.11.30"]
[Round "6.6"]
[White "Willow, Jonah B"]
[Black "Head, Louise"]
[Result "1-0"]
[ECO "B12"]
[WhiteElo "2345"]
[BlackElo "2100"]
[Annotator "NA"]
[PlyCount "57"]
[EventDate "2019.11.30"]
[EventType "k.o."]
[EventCountry "ENG"]
[SourceTitle "playchess.com"]
[Source "ChessBase"]
[SourceQuality "1"]
[TimeControl "600+5"]

1. e4 c6 2. d4 d5 3. e5 c5 4. dxc5 e6 5. Be3 Nd7 6. c4 dxc4 7. Bxc4 Qc7 8. Nf3 Bxc5 9. Bxc5 Qxc5 10. Qe2 Ne7 11. O-O O-O 12. Nc3 Nb6 13. Bd3 Ng6 14. h4 Qb4 15. g3 Qg4 16. Qe3 Nc4 17. Bxc4 Qxc4 18. Ne4 Bd7 19. h5 Ne7 20. h6 Nf5 21. Qf4 Kh8 22. hxg7+ Nxg7 23. Rac1 Qb4 24. a3 Qa4 25. Nfg5 Nf5 26. Nxh7 Kxh7 27. Nf6+ Kg6 28. Rc4 Qb5 29. Qg4+ 1-0

[Event "British KO-ch Pre 2019"]
[Site "London"]
[Date "2019.11.30"]
[Round "6.7"]
[White "Claridge-Hansen, William"]
[Black "Pein, Jonathan"]
[Result "1/2-1/2"]
[ECO "A10"]
[WhiteElo "2290"]
[BlackElo "2151"]
[Annotator "NA RC"]
[PlyCount "79"]
[EventDate "2019.11.30"]
[EventType "k.o."]
[EventCountry "ENG"]
[SourceTitle "playchess.com"]
[Source "ChessBase"]
[SourceQuality "1"]
[TimeControl "600+5"]

1. c4 b6 2. Nc3 Bb7 3. e4 e5 4. Nge2 Nf6 5. d3 Bc5 6. Na4 Bb4+ 7. Bd2 a5 8. a3 Bxd2+ 9. Qxd2 Nc6 10. g3 Qe7 11. Bg2 h5 12. h4 Ng4 13. f3 Nh6 14. Nac3 Nd4 15. Nxd4 exd4 16. Nb5 Qc5 17. O-O a4 18. Qf2 Qe5 19. Nxd4 O-O 20. Nb5 c6 21. d4 Qe7 22. Nc3 Ba6 23. Nxa4 Bxc4 24. Nxb6 Bxf1 25. Bxf1 Rab8 26. d5 Qe5 27. Nc4 Qf6 28. dxc6 dxc6 29. a4 Rb3 30. Be2 g5 31. Qc5 gxh4 32. Qxh5 hxg3 33. Rd1 Rd8 34. Rxd8+ Qxd8 35. Qxh6 Qd4+ 36. Kh1 Qf2 37. Qg5+ Kf8 38. Qd8+ Kg7 39. Qg5+ Kf8 40. Qd8+ 1/2-1/2

[Event "British KO-ch Pre 2019"]
[Site "London"]
[Date "2019.11.30"]
[Round "6.8"]
[White "Golding, Alex"]
[Black "Kalaiyalahan, Akshaya"]
[Result "1-0"]
[ECO "A45"]
[WhiteElo "2306"]
[BlackElo "2154"]
[Annotator "NA"]
[PlyCount "79"]
[EventDate "2019.11.30"]
[EventType "k.o."]
[EventCountry "ENG"]
[SourceTitle "playchess.com"]
[Source "ChessBase"]
[SourceQuality "1"]
[TimeControl "600+5"]

1. d4 Nf6 2. Bg5 d5 3. Bxf6 exf6 4. g3 g6 5. Bg2 Bg7 6. e3 c6 7. Ne2 f5 8. O-O O-O 9. b3 Nd7 10. c4 dxc4 11. bxc4 Nf6 12. Nd2 Re8 13. Nc3 Be6 14. Rb1 Rb8 15. Qc2 Qd6 16. Rfd1 Rec8 17. Qa4 a6 18. Qa5 Qe7 19. Ne2 Rd8 20. Nf4 Bd7 21. Nf3 Ne4 22. Nd3 Be6 23. Rbc1 Nd6 24. d5 cxd5 25. cxd5 b6 26. Qa4 Bxd5 27. Nb4 Bb7 28. Nd4 b5 29. Qb3 Bxg2 30. Kxg2 Qb7+ 31. Ndc6 Rbc8 32. Kg1 Rd7 33. Na5 Qa8 34. Rxc8+ Qxc8 35. Qd5 Bf8 36. Qd4 Rc7 37. Nd5 Rc2 38. Nf6+ Kg7 39. Ne8+ Kh6 40. Qh4# 1-0

[Event "British KO-ch Pre 2019"]
[Site "London"]
[Date "2019.11.30"]
[Round "7.1"]
[White "Haria, Ravi"]
[Black "Harvey, Marcus R"]
[Result "1/2-1/2"]
[ECO "A30"]
[WhiteElo "2451"]
[BlackElo "2405"]
[Annotator "ChessBase"]
[PlyCount "44"]
[EventDate "2019.11.30"]
[EventType "k.o."]
[EventCountry "ENG"]
[SourceTitle "playchess.com"]
[Source "ChessBase"]
[SourceQuality "1"]
[TimeControl "600+5"]

1. Nf3 Nf6 2. g3 b6 3. Bg2 Bb7 4. O-O e6 5. c4 c5 6. b3 Be7 7. Bb2 O-O 8. Nc3 d5 9. cxd5 Nxd5 10. Nxd5 Bxd5 11. d4 cxd4 12. Nxd4 Bxg2 13. Kxg2 Qd5+ 14. Nf3 Qb7 15. Rc1 Nd7 16. Rc4 Rac8 17. Rxc8 Rxc8 18. Qd2 Nf6 19. Rd1 h6 20. Bd4 Qc6 21. Qb2 Qc2 22. Qxc2 Rxc2 1/2-1/2

[Event "British KO-ch Pre 2019"]
[Site "London"]
[Date "2019.11.30"]
[Round "7.2"]
[White "Taylor, Adam C"]
[Black "Horton, Andrew P"]
[Result "1/2-1/2"]
[ECO "A13"]
[WhiteElo "2371"]
[BlackElo "2378"]
[Annotator "NA"]
[PlyCount "109"]
[EventDate "2019.11.30"]
[EventType "k.o."]
[EventCountry "ENG"]
[SourceTitle "playchess.com"]
[Source "ChessBase"]
[SourceQuality "1"]
[TimeControl "600+5"]

1. Nf3 Nf6 2. c4 e6 3. g3 a6 4. b3 b5 5. Bg2 Bb7 6. O-O c5 7. Bb2 Be7 8. Nc3 Qb6 9. Rb1 O-O 10. e3 d6 11. Qe2 Nbd7 12. Rfd1 b4 13. Na4 Qc7 14. d4 Be4 15. Rbc1 Rfd8 16. Nd2 Bxg2 17. Kxg2 Nb6 18. Nxb6 Qxb6 19. Qf3 a5 20. h4 a4 21. h5 axb3 22. axb3 Ra2 23. dxc5 dxc5 24. Bxf6 Bxf6 25. Ne4 Be7 26. Rxd8+ Qxd8 27. Rd1 Qa8 28. Rd7 Qe8 29. Qd1 Ra8 30. g4 h6 31. Rb7 Rd8 32. Qf3 Rd7 33. Ng3 Rxb7 34. Qxb7 Bf8 35. Ne4 Kh8 36. Qc7 Qe7 37. Qxe7 Bxe7 38. f4 Kg8 39. f5 Kf8 40. fxe6 fxe6 41. Kf3 Kf7 42. Nf2 Bh4 43. Nd3 Be7 44. Ne5+ Kf6 45. Ng6 Bd6 46. Nh4 Be5 47. Ng2 Bd6 48. Ne1 Be5 49. Nd3 Bd6 50. Nf2 Be7 51. Ne4+ Ke5 52. Nf2 Bd6 53. Nd3+ Kf6 54. Ne1 Ke5 55. Nd3+ 1/2-1/2

[Event "British KO-ch Pre 2019"]
[Site "London"]
[Date "2019.11.30"]
[Round "7.3"]
[White "Clarke, Brandon G I"]
[Black "Fernandez, Daniel Howard"]
[Result "1-0"]
[ECO "B56"]
[WhiteElo "2431"]
[BlackElo "2444"]
[Annotator "NA"]
[PlyCount "57"]
[EventDate "2019.11.30"]
[EventType "k.o."]
[EventCountry "ENG"]
[SourceTitle "playchess.com"]
[Source "ChessBase"]
[SourceQuality "1"]
[TimeControl "600+5"]

1. e4 c5 2. Nf3 d6 3. d4 Nf6 4. Nc3 cxd4 5. Nxd4 Nbd7 6. g4 Nc5 7. f3 g6 8. Be3 e5 9. Nb3 Ne6 10. Qd2 a6 11. O-O-O Be7 12. h4 b5 13. Nd5 h5 14. Nb6 Rb8 15. g5 Nxe4 16. fxe4 Rxb6 17. Bxb6 Qxb6 18. Bh3 O-O 19. Kb1 Kg7 20. Rhf1 Nf4 21. Bxc8 Rxc8 22. Nd4 Rc4 23. Ne2 Ng2 24. Qd5 f6 25. gxf6+ Bxf6 26. Rxf6 Kxf6 27. Rf1+ Ke7 28. Qf7+ Kd8 29. Qf8+ 1-0

[Event "British KO-ch Pre 2019"]
[Site "London"]
[Date "2019.11.30"]
[Round "7.4"]
[White "McPhillips, Joseph"]
[Black "Merry, Alan B"]
[Result "1-0"]
[ECO "C00"]
[WhiteElo "2434"]
[BlackElo "2426"]
[Annotator "NA"]
[PlyCount "95"]
[EventDate "2019.11.30"]
[EventType "k.o."]
[EventCountry "ENG"]
[SourceTitle "playchess.com"]
[Source "ChessBase"]
[SourceQuality "1"]
[TimeControl "600+5"]

1. e4 e6 2. c3 d5 3. Bd3 c5 4. Nf3 dxe4 5. Bxe4 Nf6 6. Bc2 b6 7. O-O Bb7 8. d4 Nbd7 9. Re1 Be7 10. Nbd2 cxd4 11. cxd4 O-O 12. a3 Rc8 13. Nf1 Bxf3 14. gxf3 Nd5 15. Ng3 Bd6 16. Qd3 g6 17. Bh6 Re8 18. Qd2 Qf6 19. Ba4 Qd8 20. Ne4 Bf8 21. Bg5 Be7 22. Be3 a6 23. b4 b5 24. Bb3 N7f6 25. Nc5 Qb6 26. Bg5 Red8 27. Rac1 Nh5 28. Bxe7 Nxe7 29. Nxe6 Rxc1 30. Qxc1 Rd6 31. Ng5 Nd5 32. Qc5 Nhf4 33. Re4 Qd8 34. Nxf7 Kxf7 35. Rxf4+ Kg7 36. Rg4 Nf6 37. Rf4 Nd5 38. Bxd5 Rxd5 39. Qa7+ Rd7 40. Qxa6 Rxd4 41. Rxd4 Qxd4 42. Qxb5 Qa1+ 43. Kg2 Qxa3 44. Qe5+ Kf7 45. b5 Qb4 46. Qc7+ Kg8 47. b6 Qb5 48. b7 1-0

[Event "British KO-ch Pre 2019"]
[Site "London"]
[Date "2019.11.30"]
[Round "7.6"]
[White "Pein, Jonathan"]
[Black "Willow, Jonah B"]
[Result "0-1"]
[ECO "B72"]
[WhiteElo "2151"]
[BlackElo "2345"]
[Annotator "NA"]
[PlyCount "102"]
[EventDate "2019.11.30"]
[EventType "k.o."]
[EventCountry "ENG"]
[SourceTitle "playchess.com"]
[Source "ChessBase"]
[SourceQuality "1"]
[TimeControl "600+5"]

1. e4 c5 2. Nf3 Nc6 3. d4 cxd4 4. Nxd4 g6 5. Nc3 Bg7 6. Be3 Nf6 7. Bc4 O-O 8. Bb3 d6 9. h3 Bd7 10. O-O Nxd4 11. Bxd4 Bc6 12. Nd5 e5 13. Nxf6+ Qxf6 14. Bc3 Bxe4 15. Qe2 Bc6 16. f4 Qh4 17. Rad1 exf4 18. Bxg7 Kxg7 19. Rd4 f3 20. Qd2 Qh5 21. gxf3 Qxh3 22. Rf2 Qg3+ 23. Rg2 Qxf3 24. Bd5 Bxd5 25. Rxd5 Rad8 26. Rh2 Qg4+ 27. Kh1 h5 28. Rdxh5 gxh5 29. Rg2 f6 30. Qd5 Qxg2+ 31. Qxg2+ Kh6 32. Qxb7 Rde8 33. Qb4 d5 34. Qf4+ Kg6 35. Qg3+ Kf7 36. Qc7+ Re7 37. Qd6 Re5 38. Qd7+ Kg6 39. Qxa7 Rfe8 40. a4 Rg5 41. Qf2 Re4 42. a5 Rf5 43. Qg2+ Rg4 44. Qh3 Rff4 45. Qd3+ Kg5 46. Qxd5+ Kh4 47. Qd3 Rg3 48. Qe2 Rfg4 49. Qf2 Kg5 50. Qd2+ Kg6 51. a6 Rh3+ 0-1

[Event "British KO-ch Pre 2019"]
[Site "London"]
[Date "2019.11.30"]
[Round "7.7"]
[White "Toma, Katarzyna"]
[Black "Claridge-Hansen, William"]
[Result "0-1"]
[ECO "B01"]
[WhiteElo "2272"]
[BlackElo "2290"]
[Annotator "NA"]
[PlyCount "80"]
[EventDate "2019.11.30"]
[EventType "k.o."]
[EventCountry "ENG"]
[SourceTitle "playchess.com"]
[Source "ChessBase"]
[SourceQuality "1"]
[TimeControl "600+5"]

1. e4 d5 2. exd5 Qxd5 3. Nc3 Qd6 4. d4 Nf6 5. Nb5 Qb6 6. c4 c6 7. Nc3 Bg4 8. Be2 Bxe2 9. Ngxe2 e6 10. O-O Be7 11. Qc2 O-O 12. h3 Nbd7 13. Be3 Qa6 14. b3 Rac8 15. Rfd1 Rfd8 16. a4 Qa5 17. Qb2 Qf5 18. a5 a6 19. b4 h6 20. Qb3 Nf8 21. Ng3 Qg6 22. Na4 Ne4 23. Nxe4 Qxe4 24. Nc5 Bxc5 25. bxc5 Rd7 26. Rab1 Ng6 27. Qd3 Qh4 28. Rd2 Qh5 29. Qe4 Re8 30. Rdb2 f5 31. g4 Qxh3 32. gxf5 Nh4 33. f4 Qxf5 34. Qh1 Qg4+ 35. Kf1 Nf5 36. Qg1 Rf8 37. Rg2 Nxe3+ 38. Qxe3 Qxf4+ 39. Qxf4 Rxf4+ 40. Ke2 Rfxd4 0-1

[Event "British KO-ch Pre 2019"]
[Site "London"]
[Date "2019.11.30"]
[Round "7.8"]
[White "Kalaiyalahan, Akshaya"]
[Black "Head, Louise"]
[Result "0-1"]
[ECO "A11"]
[WhiteElo "2154"]
[BlackElo "2100"]
[Annotator "NA"]
[PlyCount "102"]
[EventDate "2019.11.30"]
[EventType "k.o."]
[EventCountry "ENG"]
[SourceTitle "playchess.com"]
[Source "ChessBase"]
[SourceQuality "1"]
[TimeControl "600+5"]

1. Nf3 Nf6 2. g3 d5 3. Bg2 Bf5 4. O-O e6 5. d3 h6 6. c4 c6 7. cxd5 exd5 8. Nbd2 Be7 9. Qb3 Qb6 10. Qc2 O-O 11. e4 dxe4 12. dxe4 Bh7 13. Qc4 Qb4 14. Qxb4 Bxb4 15. a3 Ba5 16. b4 Bc7 17. Re1 Nbd7 18. Bb2 Rfe8 19. e5 Nd5 20. Nc4 N7b6 21. Nxb6 Bxb6 22. Rad1 Rad8 23. Rc1 a5 24. bxa5 Bxa5 25. Red1 Nc7 26. Rxd8 Rxd8 27. Nd4 Bb6 28. Nf3 Ne6 29. Bc3 Bc5 30. a4 Ra8 31. a5 Rd8 32. h4 Kf8 33. Kf1 Bd3+ 34. Ke1 Ba6 35. Ng1 Bd4 36. Bxd4 Rxd4 37. Rd1 Rxd1+ 38. Kxd1 Nc5 39. Kc2 Nd3 40. Bf1 Nxe5 41. Bxa6 bxa6 42. Kc3 c5 43. f4 Nc6 44. Kc4 Nxa5+ 45. Kxc5 Nb3+ 46. Kb4 Nd4 47. Ka5 Ke7 48. Kxa6 Ke6 49. Ka5 Kf5 50. Kb4 Kg4 51. Kc4 Nf5 0-1

[Event "British KO-ch Pre 2019"]
[Site "London"]
[Date "2019.11.30"]
[Round "8.7"]
[White "Claridge-Hansen, William"]
[Black "Kalaiyalahan, Akshaya"]
[Result "1-0"]
[ECO "A36"]
[WhiteElo "2290"]
[BlackElo "2154"]
[Annotator "NA RC"]
[PlyCount "75"]
[EventDate "2019.11.30"]
[EventType "k.o."]
[EventCountry "ENG"]
[SourceTitle "playchess.com"]
[Source "ChessBase"]
[SourceQuality "1"]
[TimeControl "600+5"]

1. c4 Nf6 2. g3 g6 3. Bg2 Bg7 4. Nc3 O-O 5. e4 c5 6. Nge2 Nc6 7. d3 Ne8 8. Be3 Nd4 9. Rb1 Nc7 10. O-O d6 11. b4 Nce6 12. f4 Nxe2+ 13. Nxe2 Nd4 14. Nxd4 cxd4 15. Bd2 e6 16. Qe2 Re8 17. e5 Qc7 18. Rfe1 dxe5 19. fxe5 h6 20. Qe4 Rd8 21. b5 Rb8 22. Bb4 Bf8 23. Bxf8 Kxf8 24. Rf1 Kg8 25. Rf6 b6 26. Qf4 Kg7 27. Rf1 Rd7 28. h4 Bb7 29. Bh3 Ba8 30. Bxe6 fxe6 31. h5 g5 32. Rg6+ Kh7 33. Qf6 Rg7 34. Rxh6+ Kg8 35. Qxe6+ Rf7 36. Rg6+ Kf8 37. Rxf7+ Qxf7 38. Rf6 1-0

[Event "British KO-ch Pre 2019"]
[Site "London"]
[Date "2019.11.30"]
[Round "9.3"]
[White "Clarke, Brandon G I"]
[Black "Haria, Ravi"]
[Result "1-0"]
[ECO "C10"]
[WhiteElo "2431"]
[BlackElo "2451"]
[Annotator "RC"]
[PlyCount "101"]
[EventDate "2019.11.30"]
[EventType "k.o."]
[EventCountry "ENG"]
[SourceTitle "playchess.com"]
[Source "ChessBase"]
[SourceQuality "1"]
[TimeControl "600+5"]

1. e4 e6 2. d4 d5 3. Nc3 dxe4 4. Nxe4 Bd7 5. Nf3 Bc6 6. Bd3 Nd7 7. c3 Bxe4 8. Bxe4 c6 9. Bf4 Ngf6 10. Bc2 Be7 11. O-O Qa5 12. Re1 Qh5 13. Qd3 O-O 14. Ne5 Rad8 15. h3 Nd5 16. Bh2 Rfe8 17. f4 g6 18. g4 Qh6 19. Qf3 Nxe5 20. dxe5 Bc5+ 21. Kh1 Bb6 22. Bb3 Qh4 23. Re2 Rd7 24. Bg3 Qe7 25. Rf1 Red8 26. f5 Nc7 27. Qg2 Nd5 28. Qe4 Nc7 29. Bf4 Rd3 30. Kg2 Qh4 31. Rf3 Rxf3 32. Qxf3 Qe7 33. Kg3 Nd5 34. Bc1 Qc5 35. Re1 Bc7 36. Kg2 b5 37. h4 Qe7 38. h5 gxh5 39. f6 Qc5 40. Bc2 Kh8 41. Qe4 Nxf6 42. exf6 Qd5 43. Rh1 Rg8 44. Qxd5 cxd5 45. Rxh5 Rxg4+ 46. Kf3 Rg3+ 47. Kf2 Kg8 48. Bxh7+ Kf8 49. Bd3 a6 50. Rh8+ Rg8 51. Bh6+ 1-0

[Event "British KO-ch Pre 2019"]
[Site "London"]
[Date "2019.11.30"]
[Round "9.5"]
[White "Fernandez, Daniel Howard"]
[Black "Pein, Jonathan"]
[Result "1-0"]
[ECO "A26"]
[WhiteElo "2444"]
[BlackElo "2151"]
[Annotator "RC"]
[PlyCount "103"]
[EventDate "2019.11.30"]
[EventType "k.o."]
[EventCountry "ENG"]
[SourceTitle "playchess.com"]
[Source "ChessBase"]
[SourceQuality "1"]
[TimeControl "600+5"]

1. Nf3 d6 2. c4 g6 3. g3 Bg7 4. Nc3 Nf6 5. Bg2 O-O 6. O-O Nc6 7. d3 e5 8. Rb1 a5 9. a3 Re8 10. Bg5 h6 11. Bxf6 Qxf6 12. b4 axb4 13. axb4 Qd8 14. e3 Bd7 15. Nd2 Qc8 16. b5 Ne7 17. Ra1 Rxa1 18. Qxa1 Bh3 19. Qa7 Bxg2 20. Kxg2 f5 21. Nd5 g5 22. Nxe7+ Rxe7 23. Ra1 Re8 24. c5 e4 25. Ra3 Rf8 26. dxe4 fxe4 27. Qa4 Qf5 28. Nxe4 Qf3+ 29. Kf1 d5 30. Qb3 Qxe4 31. Ra2 Kh8 32. c6 bxc6 33. bxc6 Qh1+ 34. Ke2 Qxh2 35. Kf1 Qh1+ 36. Ke2 Qf3+ 37. Kf1 Qxg3 38. Qxd5 Qxe3 39. Re2 Qh3+ 40. Kg1 Qg4+ 41. Kf1 Ra8 42. Re1 h5 43. Qf7 h4 44. Qxc7 h3 45. Qd7 Qg2+ 46. Ke2 Ra2+ 47. Kd3 Qf3+ 48. Re3 Ra3+ 49. Kc4 Qf4+ 50. Kb5 Rxe3 51. fxe3 Qb8+ 52. Kc4 1-0